 Dungeon Crawl Stone Soup version 0.30-a0-4-ga7cffc901d (webtiles) character file.

Game seed: 14231039776338730706

80 purpskrrrp the Sneak (level 4, -2/40 HPs)
             Began as a Naga Brigand on Aug 21, 2022.
             Slain by Pikel
             ... wielding a +2 whip of freezing
              (6 damage)
             ... on level 4 of the Dungeon.
             The game lasted 00:05:40 (3397 turns).

purpskrrrp the Sneak (Naga Brigand)                 Turns: 3397, Time: 00:05:40

Health: -2/40      AC:  3    Str: 15    XL:     4   Next: 39%
Magic:  4/4        EV:  9    Int: 11    God:
Gold:   54         SH:  4    Dex: 18    Spells: 3/3 levels left

rFire   . . .      SeeInvis +    i - +5 mace (holy)
rCold   . . .      Faith    .    o - +0 buckler
rNeg    . . .      Spirit   .    v - +0 robe "Kavimuh" {Will+ Regen+ Dex+5}
rPois   +          Reflect  .    (no helmet)
rElec   .          Harm     .    c - +0 cloak
rCorr   .          Rampage  .    (no gloves)
Will    +....                    (no barding)
Stlth   ++++......               f - amulet of magic regeneration
HPRegen 0.93/turn                (no ring)
MPRegen 0.49/turn                (no ring)

@: flying, very slow
A: AC +1, large, see invisible, deformed body, poison resistance, slowness 2,
spit poison 1, naga tail 1
a: Spit Poison


You were on level 4 of the Dungeon.
You visited 1 branch of the dungeon, and saw 4 of its levels.

You collected 179 gold pieces.
You spent 125 gold pieces at shops.

Inventory:

Hand Weapons
 a - a +2 dagger
 i - a +5 mace of holy wrath (weapon)
Missiles
 d - 12 poisoned darts (quivered)
 e - 3 curare-tipped darts
 r - 6 atropa-tipped darts
Armour
 b - a +0 robe
 c - a +0 cloak (worn)
 o - a +0 buckler (worn)
 v - the +0 robe "Kavimuh" (worn) {Will+ Regen+ Dex+5}
   (You bought it in a shop on level 4 of the Dungeon)

   Dex:       It affects your dexterity (+5).
   Regen:     It increases your rate of health regeneration.
   Will:      It increases your willpower.
Jewellery
 f - an amulet of magic regeneration (around neck)
 s - a +4 ring of evasion
Scrolls
 h - a scroll of identify
 u - a scroll of immolation {unknown}
Potions
 g - a potion of curing
 j - 2 potions of flight
 l - a potion of mutation
 q - a potion of might {unknown}
 t - a potion of attraction {unknown}


   Skills:
 + Level 2.6 Fighting
 - Level 2.0 Short Blades
 * Level 1.8 Maces & Flails
 - Level 1.7 Throwing
 + Level 1.4 Dodging
 * Level 7.0 Stealth


You had 3 spell levels left.
You didn't know any spells.
Your spell library contained the following spells:

 Spells                   Type           Power      Damage    Failure   Level
 Summon Small Mammal      Summ           0%         N/A       41%         1
 Call Canine Familiar     Summ           0%         N/A       80%         3
 Gell's Gravitas          Tloc           0%         N/A       80%         3
 Lesser Beckoning         Tloc           0%         N/A       80%         3
 Summon Guardian Golem    Hex/Summ       0%         N/A       80%         3
 Teleport Other           Tloc           0%         N/A       80%         3
 Petrify                  Tmut/Erth      0%         N/A       99%         4
 Metabolic Englaciation   Hex/Ice        0%         N/A       100%        5
 Statue Form              Tmut/Erth      0%         N/A       100%        6


Dungeon Overview and Level Annotations

Branches:
Dungeon (4/15)
 Temple: D:4-7

Altars:

Shops:
D:4 *

Annotations:
D:4 Pikel


Innate Abilities, Weirdness & Mutations

Your serpentine skin is tough. (AC +1)
You have supernaturally acute eyesight. (SInv)
Armour fits poorly on your strangely shaped body.
Your system is resistant to poisons. (rPois)
You cover ground very slowly.
You can spit poison.
You have a snake-like lower body.


Message History

You hit Pikel.
Pikel is lightly wounded.
Pikel hits you with a +2 whip of freezing!
Pikel freezes you.
* * * LOW HITPOINT WARNING * * *
You feel better. You block Pikel's attack.
It was a potion of flight.
You feel very buoyant.
You fly up into the air.
Pikel hits you with a +2 whip of freezing.
* * * LOW HITPOINT WARNING * * *
Pikel freezes you.
* * * LOW HITPOINT WARNING * * *
You feel better.
Pikel hits you with a +2 whip of freezing!
* * * LOW HITPOINT WARNING * * *
Pikel freezes you.
* * * LOW HITPOINT WARNING * * *
You feel better. Pikel barely misses you.
As you read the scroll labelled VEISUH SOSYA, it crumbles to dust.
It is a scroll of identify.
l - a potion of mutation Pikel barely misses you.
As you read the scroll labelled ONUNOMN FUMAM, it crumbles to dust.
It is a scroll of amnesia.
You feel forgetful for a moment. Pikel barely misses you.
As you read the scroll labelled CIKHUFOEKU, it crumbles to dust.
You feel aware of your surroundings.
It was a scroll of magic mapping.
Pikel closely misses you.
As you read the scroll labelled MISMEP SIMEI, it crumbles to dust.
It is a scroll of enchant weapon.
Your +4 mace of holy wrath glows red for a moment.
Pikel hits you with a +2 whip of freezing!
* * * LOW HITPOINT WARNING * * *
Pikel freezes you.
* * * LOW HITPOINT WARNING * * *
As you read the scroll labelled NOIROUP GEHAV, it crumbles to dust.
You hear the tinkle of a tiny bell.
It was a scroll of butterflies.
Pikel hits you with a +2 whip of freezing.
You die...

,,,,,,,,,,,* ###.....
,,,,,,,,,,,* #....<..
*,,,****,,*#####* ###.......
*,,,****,,**....## #....∩....
,,,,,,*,,,,*,....# ##.......##
,,,,,,*,,,,*,,...# #...>....#*
,,,,,,**,,****,bb# #......###*
,*,,,,**,.######b######.8....#***
*,,*****,.....bb@#....#.....###,,
⌠,,,,,,*,.....bb#K5.............*
,,*,,,,*,..<..bb#5b...).....####*
****,,***###########..##...##
****,,**,,*****#####..##...##
,,,,,,*,,,,,,,.........#....#
,,,,,,*,,,,,,,$........'....#
,,**,,***,**,,##..##......###
*+*******,**,,*#...........#*


You could see Pikel (ally target) and 2 lemures.

Vanquished Creatures
  A lemure (D:4)
  2 adders
  A shadow imp (D:4)
  3 worms (D:2)
  4 bats
  7 endoplasms
  A giant cockroach (D:1)
  A goblin (D:1)
  4 hobgoblins
  3 jackals (D:1)
  4 quokkas
  3 ball pythons
  2 frilled lizards (D:1)
  6 kobolds
  2 rats
44 creatures vanquished.

Vanquished Creatures (others)
  A plant (D:4)
1 creature vanquished.

Grand Total: 45 creatures vanquished

Notes
Turn   | Place    | Note
-------+----------+-------------------------------------------
     0 | D:1      | purpskrrrp the Naga Brigand began the quest for the Orb.
     0 | D:1      | Reached XP level 1. HP: 19/19 MP: 1/1
   246 | D:1      | Reached skill level 6 in Stealth
   379 | D:1      | Reached XP level 2. HP: 26/26 MP: 2/2
   385 | D:1      | Reached skill level 1 in Dodging
  1184 | D:2      | Reached skill level 1 in Maces & Flails
  1372 | D:2      | Reached XP level 3. HP: 27/33 MP: 3/3
  2650 | D:3      | Reached XP level 4. HP: 40/40 MP: 4/4
  3344 | D:4      | Found Qiapufal's Assorted Antiques.
  3347 | D:4      | Bought a shimmering robe for 125 gold pieces
  3347 | D:4      | Identified the +0 robe "Kavimuh" {Will+ Regen+ Dex+5} (You
                  | bought it in a shop on level 4 of the Dungeon)
  3368 | D:4      | Noticed a lemure
  3370 | D:4      | Noticed a lemure
  3371 | D:4      | Reached skill level 7 in Stealth
  3371 | D:4      | Noticed Pikel
  3373 | D:4      | Noticed a lemure
  3375 | D:4      | Killed a lemure
  3375 | D:4      | Noticed a lemure
  3391 | D:4      | HP: 2/40 [Pikel/+2 whip of freezing (5)]
  3397 | D:4      | Slain by Pikel

Illustrated notes

Levels and vault maps discovered:
D:1:      roderic_crossed_star, layout_loops_ring,
          hangedman_abyss_or_decor_lesser_grid, minmay_misc_feat_enclosed
D:2:      cheibrodos_old_hovel, layout_loops_ring
D:3:      layout_basic
D:4:      layout_gridville, serial_shops, nicolae_stop_n_shop_1, serial_demonic,
          serial_demonic_d, serial_demonic_b, serial_demonic_g,
          serial_demonic_g, serial_demonic_e, serial_demonic_a,
          serial_demonic_d, serial_demonic_b, serial_bayou_lagoon_b, uniq_pikel

Skill      XL: |  1  2  3  4 |
---------------+-------------+-----
Stealth        | 6 7 |  7.0
Dodging        | 1 |  1.4
Maces & Flails | 1 |  1.8
Fighting       | |  2.6
Short Blades   | |  2.0
Throwing       | |  1.7

Action                   |  1- 3 |  4- 6 || total
-------------------------+-------+-------++-------
Melee: Dagger            |     8 |       ||     8
       Mace              |    70 |    22 ||    92
  Use: Scroll            |       |     5 ||     5
       Potion            |       |     5 ||     5
 Stab: Sleeping          |    12 |     2 ||    14
Armor: Robe              |    25 |     2 ||    27
Dodge: Dodged            |    35 |    16 ||    51
Block: Buckler           |     1 |     7 ||     8

Table legend: (Time is in decaauts)
 A = Elapsed time spent in this place.
 B = Non-inter-level travel time spent in this place.
 C = Inter-level travel time spent in this place.
 D = Time resting spent in this place.
 E = Time spent auto-exploring this place.
 F = Levels seen in this place.
 G = Mean time per level.
                   A        B        C        D        E       F      G
               +--------+--------+--------+--------+--------+-----+--------+
         Total |   4264 |   4172 |     92 |      0 |   3700 |   4 | 1066.0 |
       Dungeon |   4264 |   4172 |     92 |      0 |   3700 |   4 | 1066.0 |
               +--------+--------+--------+--------+--------+-----+--------+

Top non-repeatable levels by time:
     D:2: 1586 daAuts
     D:1: 1364 daAuts
     D:3: 1247 daAuts
     D:4: 65 daAuts
